 Dungeon Crawl Stone Soup version 0.31.0-1-g2c135a0 (webtiles) character file.

Game seed: 1492088736837130580

20 brinewave the Trooper (level 2, -5/27 HPs)
             Began as a Minotaur Berserker on Jan 22, 2024.
             Was a Follower of Trog.
             Killed by divine providence
             ... invoked by an orc priest
              (9 damage)
             ... on level 2 of the Dungeon.
             The game lasted 00:02:11 (1031 turns).

brinewave the Trooper (Minotaur Berserker)          Turns: 1031, Time: 00:02:12

Health: -5/27      AC:  6    Str: 21    XL:     2   Next: 58%
Magic:  1/1        EV: 25    Int:  4    God:    Trog [*.....]
Gold:   67         SH:  0    Dex:  9    Spells: 1/1 levels left

rFire   . . .        a - +0 hand axe
rCold   + . .        (no shield)
rNeg    . . .        c - +0 scale mail
rPois   .            (helmet restricted)
rElec   .            (no cloak)
rCorr   .            (no gloves)
SInv    .            (no boots)
Will    .....        g - amulet of the acrobat Stlth
                     b - ring of protection from cold
HPRegen 0.24/turn    (no ring)
MPRegen 0.07/turn

%: acrobat
@: acrobatic
A: horns 2, retaliatory headbutt
a: Renounce Religion, Berserk


You were on level 2 of the Dungeon.
You worshipped Trog.
Trog was aware of your devotion.
You visited 1 branch of the dungeon, and saw 2 of its levels.

You collected 67 gold pieces.

Inventory:

Hand Weapons
 a - a +0 hand axe (weapon)
Armour
 c - a +0 scale mail (worn)
Jewellery
 b - a ring of protection from cold (left hand)
 g - an amulet of the acrobat (around neck)
Scrolls
 d - a scroll of enchant armour {unknown}
 e - 2 scrolls of teleportation
 f - a scroll of poison {unknown}
 h - a scroll of butterflies {unknown}
 i - a scroll of enchant weapon {unknown}
Potions
 j - a potion of magic {unknown}
 k - a potion of enlightenment {unknown}


   Skills:
 + Level 4.1 Fighting
 + Level 4.0 Axes
 + Level 2.6 Armour
 + Level 2.4 Dodging


You had one spell level left.
You didn't know any spells.
Your spell library was empty.

Dungeon Overview and Level Annotations

Branches:
Dungeon (2/15)

Altars:


Innate Abilities, Weirdness & Mutations

You have a pair of horns on your head.
You reflexively headbutt those who attack you in melee.


Message History

Your surroundings suddenly seem different.
There is a stone staircase leading down here.
You climb downwards.
The rat squeaks loudly.
You hear a shout!
There is a stone staircase leading up here.
A rat is nearby!
An orc comes into view. It is wielding a +0 hand axe.
The orc shouts!
An orc comes into view. It is wielding a +0 club.
The orc shouts!
An orc comes into view.
It is wielding a +2 short sword of flaming.
The orc shouts!
You slash the rat!
You kill the rat!
Trog accepts your kill. The orc hits you with a +0 hand axe.
You barely miss the orc. You headbutt the orc!
You kill the orc!
Trog accepts your kill.
You hit the orc. You headbutt the orc.
You kill the orc!
Trog accepts your kill.
An orc priest comes into view. It is wielding a +0 war axe.
The orc priest shouts!
You hit the orc but do no damage.
The orc hits you with a +2 short sword of flaming.
The orc burns you.
You hit the orc. You headbutt the orc.
You kill the orc!
Trog accepts your kill.
A giant cockroach comes into view.
The orc priest calls down the wrath of Beogh upon you.
Beogh smites you!
The orc priest casts a cantrip, but nothing happens.
The orc priest calls down the wrath of Beogh upon you.
Beogh smites you!
* * * LOW HITPOINT WARNING * * *
The orc priest invokes the aid of Beogh against you.
Beogh smites you!
You die...

... #B#
#o# #)#
##.######.
#.........
#..####...
#..###
#.@..#
#.##.# #.
.# #. . ##
##


You could see an orc priest and a giant cockroach.

Vanquished Creatures
  A dart slug (D:1)
  3 orcs (D:2)
  A ball python (D:1)
  2 endoplasms (D:1)
  A giant cockroach (D:1)
  2 hobgoblins (D:1)
  A frilled lizard (D:1)
  3 rats
14 creatures vanquished.

Notes
Turn   | Place    | Note
-------+----------+-------------------------------------------
     0 | D:1      | brinewave the Minotaur Berserker began the quest for the
                  | Orb.
     0 | D:1      | Reached XP level 1. HP: 19/19 MP: 0/0
   501 | D:1      | Reached XP level 2. HP: 27/27 MP: 1/1
  1031 | D:2      | Killed from afar by an orc priest

Illustrated notes

Levels and vault maps discovered:
D:1:      minmay_arrival_solitary_statue, layout_basic,
          minmay_misc_feat_enclosed
D:2:      layout_loops_cross

Skill      XL: |  1  2 |
---------------+-------+-----
Fighting       | 4 |  4.1
Axes           | 4 |  4.0
Armour         | |  2.6
Dodging        | |  2.4

Action                     || total
---------------------------++-------
  Melee: Hand axe          ||    31
         Headbutt          ||     6
    Use: Scroll            ||     1
 Armour: Scale mail        ||    13
  Dodge: Dodged            ||     6
